 Dungeon Crawl Stone Soup version 0.19-a0-1704-gbd66c22 (webtiles) character file.

651 4thArraOfDagon the Firebug (level 7, -8/36 HPs)
             Began as a Deep Elf Fire Elementalist on Sept 27, 2016.
             Was a Follower of Vehumet.
             Mangled by an ogre
             ... wielding a cursed -1 giant club
              (17 damage)
             ... on level 4 of the Dungeon.
             The game lasted 00:07:56 (1289 turns).

4thArraOfDagon the Firebug (DEFE)                   Turns: 1289, Time: 00:07:57

Health: -8/36      AC:  3    Str:  5    XL:     7   Next: 28%
Magic:  11/17      EV: 13    Int: 22    God:    Vehumet [*.....]
Gold:   112        SH:  0    Dex: 15    Spells: 4 memorised, 4 levels left

rFire  . . .     SeeInvis .     g - +0 short sword
rCold  . . .     Gourm    .     a - +0 robe
rNeg   . . .     Faith    .     (no shield)
rPois  .         Spirit   .     (no helmet)
rElec  .         Dismiss  .     (no cloak)
rCorr  .         Reflect  .     (no gloves)
MR     .....     Harm     .     (no boots)
Stlth  ++........               o - amulet of rage
                                (no ring)
                                j - ring of wizardry

@: no status effects
A: no striking features
a: Renounce Religion, Evoke Berserk Rage


You were on level 4 of the Dungeon.
You worshipped Vehumet.
Vehumet was aware of your devotion.
You were hungry.

You visited 2 branches of the dungeon, and saw 9 of its levels.

You collected 112 gold pieces.

Inventory:

Hand Weapons
 d - a +0 mace
 g - a +0 short sword (weapon)
Armour
 a - a +0 robe (worn)
Jewellery
 j - a ring of wizardry (left hand)
 o - an amulet of rage (around neck)
Wands
 k - a wand of acid (1/15)
 l - a wand of confusion (5/48)
Scrolls
 e - a scroll of immolation
 i - a scroll of remove curse
 n - a scroll of fog {unknown}
Potions
 h - a potion of agility {unknown}
 p - a potion of ambrosia {unknown}
Books
 b - a book of Flames

   Spells                             Type                      Level
   a - Flame Tongue                   Conjuration/Fire             1
   b - Throw Flame                    Conjuration/Fire             2
   c - Conjure Flame                  Conjuration/Fire             3
   d - Inner Flame                    Hexes/Fire                   3
   e - Sticky Flame                   Conjuration/Fire             4
   f - Fireball                       Conjuration/Fire             5
Comestibles
 c - 2 bread rations
 f - a chunk of flesh
 m - 3 meat rations


   Skills:
 - Level 2.4 Dodging
 - Level 2.4 Stealth
 + Level 5.7 Spellcasting
 * Level 5.5 Conjurations
 * Level 6.2 Fire Magic


You had 4 spell levels left.
You knew the following spells:

 Your Spells              Type           Power        Failure   Level  Hunger
a - Flame Tongue          Conj/Fire      ####.        1%          1    None
b - Conjure Flame         Conj/Fire      ####....     1%          3    ##.....
c - Sticky Flame          Conj/Fire      ####....     4%          4    ####...
d - Fireball              Conj/Fire      ####......   12%         5    #####..


Dungeon Overview and Level Annotations

Branches:
Dungeon (8/15)             Temple (1/1) D:7
   Lair: D:8-11

Altars:
Ashenzari
Cheibriados
Dithmenos
Elyvilon
Fedhas
Gozag
Hepliaklqana
Kikubaaqudgha
Nemelex Xobeh
Okawaru
Qazlal
Uskayaw
Vehumet
Xom
Yredelemnul
Zin

Shops:
D:7 :

Annotations:
D:7 Duvessa


Message History

The slug dart hits you!
* * * LOW HITPOINT WARNING * * *
Unknown command.
Unknown command.
Unknown command.
Unknown command.
Unknown command.
Unknown command.
Unknown command.
You see here a short sword.
Unknown command.
You see here a mace.
Unknown command.
Unknown command.
Unknown command.
Items here: ) [ †† a dagger; a chain mail; an orc corpse x2
You are feeling hungry.
The ogre hits you with a giant club!
You die...

#### ...## ### ##...[. ..# ##..
#.# #.# ##.#####[# #.########
#........####.#.@O...# ###
..##............####.# #..
..##.##..####.#### #.# ####.#
........#........# #.# #....)
..##.##..#.#.##...##)#######.##)#
..##.##..#.#.##.................#
.........#.#.##.≈≈##.######...###
.........#.#.###≈≈≈### #####
#.##.#.###.#.# # ≈≈≈##.... .


You could see an ogre.

Vanquished Creatures
  Menkaure (D:7)
  5 howler monkeys
  A centaur zombie (D:6)
  2 hounds
  2 orc priests (D:4)
  An orc wizard (D:4)
  2 worker ants
  A hound skeleton (D:8)
  2 worker ant zombies
  4 adders (D:4)
  2 shadow imps (D:7)
  An adder skeleton (D:4)
  A leopard gecko (D:3)
  3 orcs (D:4)
  A ball python (D:5)
  2 giant cockroaches (D:4)
  A hobgoblin (D:3)
  2 jackals (D:6)
  A quokka (D:6)
  3 bats
  A giant cockroach zombie (D:6)
  4 rats
43 creatures vanquished.

Notes
Turn   | Place    | Note
-------+----------+-------------------------------------------
     0 | D:1      | 4thArraOfDagon the Deep Elf Fire Elementalist began the quest for the Orb.
     0 | D:1      | Reached XP level 1. HP: 10/10 MP: 6/6
    52 | D:1      | You fall through a shaft!
   134 | D:3      | Reached XP level 2. HP: 15/15 MP: 1/8
   143 | D:4      | Noticed a howler monkey
   207 | D:4      | Killed a howler monkey
   207 | D:4      | Reached skill level 4 in Fire Magic
   207 | D:4      | Reached XP level 3. HP: 5/19 MP: 2/10
   234 | D:4      | Learned a level 3 spell: Conjure Flame
   315 | D:5      | Entered Level 5 of the Dungeon
   327 | D:5      | Reached XP level 4. HP: 16/24 MP: 3/12
   333 | D:5      | Learned a level 4 spell: Sticky Flame
   352 | D:7      | Found Muto's Book Shop.
   378 | D:7      | Found an opulent altar of Gozag.
   390 | D:7      | Found a staircase to the Ecumenical Temple.
   412 | D:7      | Noticed Menkaure
   431 | D:7      | Reached XP level 5. HP: 21/28 MP: 1/13
   432 | D:8      | Noticed a centaur
   545 | D:7      | Killed Menkaure
   545 | D:7      | Reached skill level 5 in Spellcasting
   545 | D:7      | Reached skill level 5 in Fire Magic
   545 | D:7      | Reached XP level 6. HP: 17/32 MP: 13/15
   560 | Temple   | Entered the Ecumenical Temple
   633 | Temple   | Became a worshipper of Vehumet
   703 | D:7      | Learned a level 5 spell: Fireball
   736 | D:7      | Found a basalt altar of Yredelemnul.
   770 | D:7      | Noticed Duvessa
   807 | D:6      | Reached skill level 5 in Conjurations
   823 | D:6      | Noticed a hill giant
  1027 | D:4      | Reached XP level 7. HP: 14/36 MP: 2/17
  1082 | D:4      | Found a white marble altar of Elyvilon.
  1083 | D:4      | Found a shadowy altar of Dithmenos.
  1085 | D:4      | Found an ancient bone altar of Kikubaaqudgha.
  1085 | D:4      | Found a hide-covered altar of Uskayaw.
  1215 | D:4      | Reached skill level 6 in Fire Magic
  1248 | D:4      | Reached * piety under Vehumet
  1248 | D:4      | Offered knowledge of Freeze by Vehumet.
  1289 | D:4      | Mangled by an ogre

Vault maps used:
D:1:      dpeg_arrival_tiny_i, serial_forest, infiniplex_forest_clump_long,
          infiniplex_forest_corner_2, infiniplex_forest_lined_1,
          infiniplex_forest_lined_2, infiniplex_forest_lined_corner
D:2:      uniq_robin
D:4:      led_sif_book, grunt_temple_overflow_open, st_stairs_14,
          grunt_ministairs_3, kennysheep_opposing_triangles
D:5:      lightli_temple_of_fire, first_bread
D:6:      minivault_23, minmay_statues_item
D:7:      lemuel_crystal_altar, lemuel_crystal_altar, serial_shops, shop,
          uniq_menkaure, uniq_duvessa
D:8:      gammafunk_temple_overflow_pools
Temple:   minmay_temple_curvy_loop

Skill      XL: |  1  2  3  4  5  6  7 |
---------------+----------------------+-----
Conjurations   | 2 3 4 5 |  5.5
Fire Magic     | 4 5 6 |  6.2
Spellcasting   | 4 5 |  5.7
Dodging        | |  2.4
Stealth        | |  2.4

Action                   |  1- 3 |  4- 6 |  7- 9 || total
-------------------------+-------+-------+-------++-------
Melee: Mace              |     2 |       |       ||     2
       Unarmed           |     2 |       |       ||     2
       Short sword       |     2 |    21 |     4 ||    27
 Cast: Flame Tongue      |    23 |    13 |    13 ||    49
       Conjure Flame     |     2 |     3 |       ||     5
       Sticky Flame      |       |     9 |     3 ||    12
Evoke: Wand              |       |     4 |     1 ||     5
  Use: Scroll            |       |     3 |       ||     3
       Potion            |       |     3 |       ||     3
 Stab: Sleeping          |     2 |       |       ||     2
  Eat: Chunk             |       |     2 |     1 ||     3
Armor: Robe              |     1 |    12 |     1 ||    14
Dodge: Dodged            |    12 |    36 |     5 ||    53
